 Dungeon Crawl Stone Soup version 0.31.0-12-g77e489cdc1 (webtiles) character file.

Game seed: 6823176167799888749

4643 Melum the Slicer (level 10, 0/144 HPs)
             Began as an Oni Air Elementalist on Feb 11, 2024.
             Was a Priest of Cheibriados.
             Slain by a warg (14 damage)
             ... on level 8 of the Dungeon.
             The game lasted 00:43:11 (7616 turns).

Melum the Slicer (Oni Air Elementalist)             Turns: 7616, Time: 00:43:12

Health: 0/144      AC: 25    Str: 22    XL:     10   Next: 43%
Magic:  16/25      EV:  1    Int: 28    God:    Cheibriados [***...]
Gold:   296        SH:  0    Dex: 17    Spells: 10/17 levels left

rFire   . . .        j - +4 dagger
rCold   . . .        (no shield)
rNeg    . . .        K - melded +0 troll leather armour
rPois   +            s - melded +2 hat
rElec   .            (cloak currently unavailable)
rCorr   .            (gloves unavailable)
SInv    .            (boots unavailable)
Will    ++...        t - amulet of faith
Stlth   ++++         L - ring of willpower
HPRegen 0.44/turn    C - ring of magical power
MPRegen 0.19/turn

%: faith
@: tree-form, very slow
A: stationary, stasis, torment immunity, boosted hp, large, unfitting armour,
(horns 1), (tough skin 1), double potion healing, drunken brawling
a: Renounce Religion, Bend Time, Temporal Distortion


You were on level 8 of the Dungeon.
You worshipped Cheibriados.
Cheibriados was most pleased with you.
You were a tree.
You visited 2 branches of the dungeon, and saw 9 of its levels.

You collected 449 gold pieces.
You spent 153 gold pieces at shops.

Inventory:

Hand Weapons
 j - a +4 dagger (weapon)
 p - a +2 scythe of venom
 A - the +10 sling "Spiderslayer" {drain, rC++}
   (You found it on level 3 of the Dungeon)

   rC++:      It greatly protects you from cold.
 F - the +1 sling "Gapsi" {flame, Dex+5}
   (You found it on level 7 of the Dungeon)

   Dex+5:     It affects your dexterity (+5).
 J - a +0 giant spiked club
Missiles
 c - 5 javelins (quivered)
 h - 19 poisoned darts
 l - 2 throwing nets
Armour
 a - a +0 robe
 s - a +2 hat (melded)
 K - a +0 troll leather armour (melded)
Jewellery
 t - an amulet of faith (around neck)
 B - a ring of protection from fire
 C - a ring of magical power (right branch)
 L - a ring of willpower (left branch)
Wands
 q - a wand of roots (9)
Scrolls
 d - 2 scrolls of fear {unknown}
 e - a scroll of enchant weapon {unknown}
 g - a scroll of amnesia {unknown}
 k - 3 scrolls of noise {unknown}
 m - a scroll of immolation {unknown}
 n - a scroll of revelation {unknown}
 r - 2 scrolls of teleportation {unknown}
 u - 2 scrolls of vulnerability {unknown}
 x - a scroll of poison {unknown}
 y - 2 scrolls of torment {unknown}
 H - a scroll of silence {unknown}
Potions
 b - a potion of magic
 f - 3 potions of curing
 i - a potion of invisibility
 o - 2 potions of haste {unknown}
 v - 2 potions of brilliance {unknown}
 w - a potion of mutation
 z - a potion of cancellation
 D - a potion of enlightenment
 E - 2 potions of attraction {unknown}
 G - a potion of might
 I - a potion of lignification


   Skills:
 - Level 5.0 Fighting
 - Level 11.0 Short Blades
 - Level 1.7 Dodging
 + Level 7.8 Stealth
 - Level 4.0 Spellcasting
 - Level 4.0 Conjurations
 - Level 4.0 Air Magic
 + Level 3.0 Invocations


You had 10 spell levels left.
You knew the following spells:

 Your Spells              Type           Power      Damage    Failure   Level
a - Airstrike             Air            14%        2d(2-18)  14%         4
x - Static Discharge      Conj/Air       56%        3-6/arc   2%          2
z - Shock                 Conj/Air       100%       1d9       1%          1

Your spell library contained the following spells:

 Spells                   Type           Power      Damage    Failure   Level
 Swiftness                Air            28%        N/A       4%          3
 Necrotise                Necr           20%        1d5       8%          1
 Dispel Undead            Necr           5%         3d7       58%         4
 Leda's Liquefaction      Alch/Erth      2%         N/A       58%         4
 Lee's Rapid Deconstruct  Erth           2%         3d5*      90%         5
 Bombard                  Conj/Erth      8%         9d2       99%         6
 Borgnjor's Revivificati  Necr           2%         N/A       100%        8


Dungeon Overview and Level Annotations

Branches:
Dungeon (8/15)             Temple (1/1) D:4            Lair (0/5) D:8

Altars:
Ashenzari
Cheibriados
Dithmenos
Gozag
Hepliaklqana
Kikubaaqudgha
Makhleb
Nemelex Xobeh
Qazlal
Ru
Trog
Uskayaw
Vehumet
Wu Jian
Xom
Yredelemnul
Zin

Shops:
D:2 *   D:4 :


Innate Abilities, Weirdness & Mutations

You are a tree.
Your roots penetrate the ground, keeping you stationary.
You cannot be teleported.
You are immune to unholy pain and torment.
Your maximum health is greatly increased.
Your equipment is partially melded.
You are too large for most types of armour.
((You have a pair of small horns on your head.))
((You have tough skin. (AC +1)))
You gain doubled healing and magic from potions.
Whenever you drink a healing potion, you attack all around you.


Message History

Your +0 troll leather armour melds into your body.
Your roots penetrate the ground.
The wolf bites you.
* * * LOW HITPOINT WARNING * * *
The orc wizard hits you but does no damage.
The warg bites you but does no damage. The wolf bites you.
* * * LOW HITPOINT WARNING * * *
You take a swig of the potion and twirl your +4 dagger.
You completely miss the warg.
The warg is heavily wounded.
You hit the wolf but do no damage. You puncture the orc wizard!
You punch the orc wizard, but do no damage.
The orc wizard is severely wounded.
It was a potion of curing.
You savour every drop.
You feel better. The warg bites you but does no damage.
The wolf bites you but does no damage.
The orc wizard hits you but does no damage.
The warg bites you but does no damage. The wolf bites you but does no damage.
Casting: Static Discharge (safe; 2% risk of failure)
Confirm with . or Enter, or press ? or * to list all spells.
The orc wizard is struck by an arc of lightning.
The orc wizard is almost dead.
The warg is struck by an arc of lightning.
The warg is heavily wounded.
The lightning grounds out.
The warg is struck by an arc of lightning.
The warg is severely wounded.
The wolf is struck by an arc of lightning.
The wolf is moderately wounded.
The orc priest is struck by an arc of lightning!
The orc priest is heavily wounded.
The lightning grounds out.
The wolf is struck by an arc of lightning.
The wolf is heavily wounded.
The warg is struck by an arc of lightning.
The warg is severely wounded.
The lightning grounds out.
A nearby plant withers and dies.
The orc wizard hits you but does no damage.
The wolf bites you!
* * * LOW HITPOINT WARNING * * *
The warg bites you!
You die...

.........##
............###
..............#
..... ........#
##...# #......##
#.....##.......#
.......#......#####
......)#...<......#
.....)o♣.......####
......hho.....##
...>.........##
.............#
.....P.......#
.....P.#.....#
.......#.....#
#.....# ......


You could see a warg, a wolf, an orc priest and an orc wizard.

Vanquished Creatures
  The ghost of howech the Changeling, a novice OpSh (D:4)
  A troll (D:7)
  Sigmund (D:2)
  A steam dragon (D:7)
  2 vampire mosquitoes
  A water moccasin (D:7)
  3 orc warriors
  A black bear (D:5)
  An ogre (D:6)
  A wolf (D:8)
  A kobold brigand (D:7)
  A gnoll sergeant (D:6)
  2 scorpions (D:5)
  A wyvern skeleton (D:4)
  6 hounds
  3 bombardier beetles
  A bullfrog skeleton (D:4)
  A jelly (D:6)
  2 orc priests
  2 sleepcaps (D:6)
  5 iguanas
  3 orc wizards (D:8)
  Natasha (thrice) (D:2)
  A mummy (D:4)
  8 gnolls
  A howler monkey skeleton (D:4)
  8 adders
  2 white imps (D:5)
  4 ufetubi (D:6)
  A dart slug (D:3)
  2 ribbon worms
  12 orcs
  5 endoplasms
  A giant cockroach (D:1)
  2 goblins
  3 hobgoblins
  4 jackals (D:2)
  13 kobolds
  11 quokkas
  7 ball pythons
  A bat (D:1)
  A frilled lizard (D:3)
  6 rats
137 creatures vanquished.

Notes
Turn   | Place    | Note
-------+----------+-------------------------------------------
     0 | D:1      | Melum the Oni Air Elementalist began the quest for the Orb.
     0 | D:1      | Reached XP level 1. HP: 16/16 MP: 3/3
   267 | D:1      | Reached XP level 2. HP: 20/24 MP: 0/6
  1120 | D:2      | Found Axoifeh's Assorted Antiques.
  1125 | D:2      | Learned a level 2 spell: Static Discharge
  1138 | D:2      | Reached XP level 3. HP: 31/31 MP: 0/8
  1184 | D:2      | Reached skill level 1 in Conjurations
  1287 | D:2      | Noticed Sigmund
  1292 | D:2      | Noticed Natasha
  1296 | D:2      | Killed Sigmund
  1297 | D:2      | Reached XP level 4. HP: 33/39 MP: 6/10
  1297 | D:2      | Reached XP level 5. HP: 39/45 MP: 6/11
  1304 | D:2      | Killed Natasha
  1508 | D:2      | Noticed Natasha
  1512 | D:2      | Killed Natasha
  1513 | D:2      | Reached XP level 6. HP: 51/53 MP: 7/12
  1860 | D:2      | Noticed Natasha
  1864 | D:2      | Killed Natasha
  1865 | D:2      | Found a faded altar of an unknown god.
  2146 | D:3      | Found a radiant altar of Vehumet.
  2349 | D:3      | Reached skill level 1 in Fighting
  2414 | D:3      | Found a broken altar of Ashenzari.
  2695 | D:3      | Identified the +10 sling "Spiderslayer" {drain, rC++}
  3056 | D:4      | Reached skill level 1 in Short Blades
  3298 | D:4      | Found a sparkling altar of Nemelex Xobeh.
  3304 | D:4      | Found Gayqiepp's Tremendous Tomes.
  3312 | D:4      | Got the Compendium of Foggy Iniquitous Words
  3396 | D:2      | Bought 2 coppery potions for 50 gold pieces
  3396 | D:2      | Bought a pink potion for 25 gold pieces
  3396 | D:2      | Bought a scroll labelled FOAFEH UNYS for 28 gold pieces
  3396 | D:2      | Bought a red potion for 25 gold pieces
  3396 | D:2      | Bought a gluggy blue potion for 25 gold pieces
  3499 | D:4      | Found a staircase to the Ecumenical Temple.
  3505 | Temple   | Entered the Ecumenical Temple
  3520 | Temple   | Became a worshipper of Cheibriados the Contemplative
  3686 | D:4      | Found a transporter.
  3687 | D:4      | Noticed howech's ghost (novice OpSh)
  3690 | D:4      | Found a transporter.
  3909 | D:5      | Entered Level 5 of the Dungeon
  3909 | D:5      | Noticed a vampire mosquito
  3909 | D:5      | Noticed a vampire mosquito
  3932 | D:4      | Killed a vampire mosquito
  3933 | D:4      | Reached skill level 2 in Short Blades
  3933 | D:4      | Reached XP level 7. HP: 11/67 MP: 13/13
  4130 | D:4      | Learned a level 4 spell: Airstrike
  4140 | D:5      | Killed a vampire mosquito
  4141 | D:5      | Reached skill level 3 in Short Blades
  4147 | D:5      | Reached skill level 5 in Fighting
  4153 | D:5      | Reached skill level 4 in Short Blades
  4153 | D:5      | Reached XP level 8. HP: 19/80 MP: 4/14
  4692 | D:5      | Reached * piety under Cheibriados
  4703 | D:5      | Found a hide-covered altar of Uskayaw.
  5103 | D:5      | Reached skill level 5 in Short Blades
  5248 | D:5      | Found a basalt altar of Yredelemnul.
  5415 | D:6      | Reached ** piety under Cheibriados
  5423 | D:6      | Reached skill level 6 in Short Blades
  5775 | D:6      | Reached skill level 7 in Short Blades
  5929 | D:6      | Reached XP level 9. HP: 86/88 MP: 15/15
  5929 | D:6      | Reached skill level 10 in Short Blades
  5929 | D:6      | Reached XP level 10. HP: 94/96 MP: 16/16
  6228 | D:4      | Reached *** piety under Cheibriados
  6229 | D:4      | Killed howech's ghost
  6230 | D:4      | Reached skill level 11 in Short Blades
  6580 | D:7      | Reached skill level 1 in Invocations
  6582 | D:7      | Identified the +1 sling "Gapsi" {flame, Dex+5}
  7605 | D:8      | Found a staircase to the Lair.
  7614 | D:8      | HP: 4/144 [wolf (4)]
  7616 | D:8      | Slain by a warg

Illustrated notes

Levels and vault maps discovered:
D:1:      tarquinn_simple_flora_water_d, layout_basic
D:2:      layout_loops_ring, chequers_ecumenical_altar_island, serial_shops,
          shop, grunt_ministairs_13, uniq_sigmund, uniq_natasha
D:3:      layout_loops_cross, evilmike_ruin_ashenzari, mainiacjoe_overflow_paths
D:4:      layout_cave_pools, nemelex_xobeh_ov_fountains_minmay,
          minmay_temple_entry_enclosed_plants, gammafunk_ghost_mausoleum,
          nicolae_shop_i_like_big_books, amcnicky_mini_pool_small, minmay_cupped
D:5:      layout_loops_ring, lemuel_round_altar, nicolae_overflow_hidden_temple,
          st_stairs_12
D:6:      layout_cave_pools
D:7:      layout_loops_ring
D:8:      layout_layer_cave, erik_lair_orcish_takeover,
          gammafunk_ghost_berserking_beasts, kennysheep_generic_room_9
Temple:   nicolae_temple_x_marks_the_god

Skill      XL: |  1  2  3  4  5  6  7  8  9 10 |
---------------+-------------------------------+-----
Spellcasting   | 3 4 |  4.0
Conjurations   | 4 |  4.0
Air Magic      | 3 4 |  4.0
Fighting       | 3 5 |  5.0
Short Blades   | 2 4 7 10 11 | 11.0
Stealth        | 7 |  7.8
Invocations    | 3 |  3.0
Dodging        | |  1.7

Action                     |  1- 3 |  4- 6 |  7- 9 | 10-12 || total
---------------------------+-------+-------+-------+-------++-------
  Melee: Unarmed           |    16 |       |       |       ||    16
         Headbutt          |     2 |     4 |     4 |    11 ||    21
         Dagger            |       |     8 |    19 |    30 ||    57
         Punch             |       |       |       |     1 ||     1
  Throw: Javelin           |     5 |       |       |       ||     5
   Cast: Shock             |    50 |   108 |    99 |    20 ||   277
         Static Discharge  |       |     1 |    21 |    29 ||    51
  Evoke: Wand              |       |     5 |     4 |       ||     9
    Use: Scroll            |       |     5 |     2 |     2 ||     9
         Potion            |       |     1 |     1 |     2 ||     4
   Stab: Sleeping          |       |     1 |     3 |     3 ||     7
         Distracted        |       |       |     1 |       ||     1
 Armour: Robe              |    14 |    56 |    80 |    47 ||   197
         Troll leather arm |       |       |       |    40 ||    40
         Skin              |       |       |       |    12 ||    12
  Dodge: Dodged            |    16 |    27 |    31 |    30 ||   104
